 Dungeon Crawl Stone Soup version 0.29.0-13-gc9e81de378 (webtiles) character file.

Game seed: 12639670102474198906

1421 sanka the Cleaver (level 8, -5/64 HPs)
             Began as a Minotaur Berserker on Sept 7, 2022.
             Was a Priest of Trog.
             Slain by a gnoll sergeant
             ... wielding a +0 trident
              (10 damage)
             ... on level 5 of the Dungeon.
             The game lasted 00:05:11 (6687 turns).

sanka the Cleaver (Minotaur Berserker)              Turns: 6687, Time: 00:05:12

Health: -5/64      AC:  5    Str: 21    XL:     8   Next: 44%
Magic:  7/7        EV: 11    Int:  4    God:    Trog [***...]
Gold:   59         SH:  0    Dex: 13    Spells: 7/7 levels left

rFire   . . .      SeeInvis .   a - +0 hand axe
rCold   . . .      Faith    .   (no shield)
rNeg    . . .      Spirit   .   r - +0 ring mail
rPois   .          Reflect  .   (helmet restricted)
rElec   .          Harm     .   (no cloak)
rCorr   .          Rampage  .   (no gloves)
Will    .....                   (no boots)
Stlth   +.........              (no amulet)
HPRegen 0.20/turn               (no ring)
MPRegen 0.10/turn               (no ring)

@: weakened, on berserk cooldown, slowed, very slow
A: horns 2, retaliatory headbutt
a: Renounce Religion, Berserk, Trog's Hand


You were on level 5 of the Dungeon.
You worshipped Trog.
Trog was most pleased with you.
You visited 1 branch of the dungeon, and saw 5 of its levels.

You collected 268 gold pieces.
You spent 209 gold pieces at shops.


Innate Abilities, Weirdness & Mutations

You have a pair of horns on your head.
You reflexively headbutt those who attack you in melee.


   Skills:
 - Level 3.6 Fighting
 + Level 12.9 Axes
 - Level 2.4 Armour
 - Level 2.1 Dodging


You had 7 spell levels left.
You didn't know any spells.
Your spell library was empty.

Inventory:

Hand Weapons
 a - a +0 hand axe (weapon)
Armour
 r - a +0 ring mail (worn)
 w - the +2 cloak "Laojasmo" {Fly rC- Str+4}

   Str:       It affects your strength (+4).
   rC:        It makes you vulnerable to cold.
   Fly:       It grants you flight.
Wands
 q - a wand of digging (3)
 s - a wand of flame (10)
 z - a wand of charming (8)
Scrolls
 e - a scroll of fear {unknown}
 i - 2 scrolls of noise {unknown}
 l - 2 scrolls of enchant armour {unknown}
 m - 6 scrolls of identify {unknown}
 n - a scroll of poison {unknown}
 p - 2 scrolls of vulnerability {unknown}
 v - a scroll of amnesia {unknown}
 x - a scroll of enchant weapon {unknown}
 y - a scroll of fog {unknown}
Potions
 b - 2 potions of haste {unknown}
 c - 2 potions of lignification {unknown}
 d - a potion of might
 f - a potion of invisibility {unknown}
 g - 2 potions of resistance {unknown}
 h - 4 potions of mutation {unknown}
 j - a potion of curing {unknown}
 k - 2 potions of attraction {unknown}
 o - a potion of heal wounds {unknown}
 t - a potion of cancellation {unknown}
 u - a potion of brilliance {unknown}

Dungeon Overview and Level Annotations

Branches:
Dungeon (5/15)
 Temple: D:4-7

Altars:
Elyvilon
Hepliaklqana
Nemelex Xobeh
Okawaru
Zin

Shops:
D:3

* ▒..▒▒▒▒........▒ ▒▒..▒
▒..▒ ▒▒.......▒ ▒...▒▒ ...▒▒
▒......▒▒ ▒▒▒..▒▒ ....▒▒
▒▒....▒▒ ♣♣♣♣ ▒▒..▒▒▒▒▒▒▒
▒▒...▒▒ ▒...▒▒ ♣... ♣
▒...▒▒....
▒▒▒...▒▒▒.▒▒▒♣♣♣..▒
▒▒▒▒▒..).....
▒▒...▒▒▒▒♣♣♣.)..▒...▒
▒..)▒▒▒▒.
▒....▒▒♣♣))..♣g▒...▒▒▒..▒▒
▒. ▒
▒▒▒......)))..Hg'..).▒▒..▒
▒▒
▒▒▒......▒♣♣))?♣g)▒...▒▒▒.▒▒
▒ ▒▒....▒▒▒▒
♣♣♣....▒...▒▒▒.▒ ▒ ....▒▒▒
▒▒▒▒♣♣♣..▒ ▒▒▒▒.▒▒ ▒ ..▒▒▒
▒▒..▒ ♣♣).. ♣ ▒.▒▒ ▒▒ .▒▒
▒...▒ ♣♣♣♣ ▒▒..▒▒▒ ▒. ▒▒
▒▒..▒▒ ▒▒▒▒▒▒.....▒▒▒▒. ▒▒
▒...▒ ▒▒....▒▒......▒▒) .▒▒▒
▒▒..▒▒ ▒▒.....▒▒▒▒▒.....)


You could see a gnoll sergeant (swift), a gnoll bouda and a gnoll (swift).


Message History

* * * LOW HITPOINT WARNING * * *
You hit the gnoll but do no damage. You headbutt the gnoll.
The gnoll is severely wounded.
You barely miss the gnoll sergeant. You hit the gnoll but do no damage.
You hit the gnoll bouda. The gnoll barely misses you.
The gnoll barely misses you.
The gnoll bouda hits you but does no damage.
The gnoll sergeant hits you with a +0 trident!
* * * LOW HITPOINT WARNING * * *
You hit the gnoll.
The gnoll is almost dead.
You hit the gnoll sergeant. You hit the gnoll. You hit the gnoll bouda.
The gnoll completely misses you. You furiously retaliate!
You headbutt the gnoll. The gnoll closely misses you. You furiously retaliate!
You headbutt the gnoll.
You kill the gnoll!
Trog accepts your kill. The gnoll bouda barely misses you.
You furiously retaliate!
You headbutt the gnoll bouda!
The gnoll sergeant hits you with a +0 trident!
You die...

Action                   |  1- 3 |  4- 6 |  7- 9 || total
-------------------------+-------+-------+-------++-------
Melee: Hand axe          |    96 |    70 |   187 ||   353
       Headbutt          |    17 |    13 |    32 ||    62
       Punch             |       |     1 |     1 ||     2
Invok: Trog's Hand       |       |     2 |       ||     2
       Berserk           |       |       |     4 ||     4
 Stab: Sleeping          |       |     3 |       ||     3
Armor: Animal skin       |    17 |     6 |       ||    23
       Ring mail         |       |     1 |    50 ||    51
Dodge: Dodged            |    62 |    37 |    94 ||   193

Levels and vault maps discovered:
D:1:      roderic_chinese_lattice_arrival, layout_basic,
          dreamdust_mushroom_princess, chequers_serial_rivers_micro_d
D:2:      layout_basic, hellmonk_ecumenical_altar_lost_god, basic_altar,
          minmay_tromino_v7
D:3:      layout_rooms, nicolae_hepliaklqana_hazy_memory, serial_shops,
          shop_statue, uniq_grinder, uniq_sigmund
D:4:      layout_basic, mainiacjoe_overflow_24_doors, grunt_temple_overflow_open
D:5:      layout_layer_cave, pf_guarded_unrand_woodcutter

Notes
Turn   | Place    | Note
-------+----------+-------------------------------------------
     0 | D:1      | sanka the Minotaur Berserker began the quest for the Orb.
     0 | D:1      | Reached XP level 1. HP: 19/19 MP: 0/0
   144 | D:1      | Reached skill level 4 in Axes
   305 | D:1      | Reached XP level 2. HP: 23/26 MP: 1/1
  1001 | D:2      | Found a sparkling altar of Nemelex Xobeh.
  1005 | D:2      | Reached skill level 5 in Axes
  1005 | D:2      | Reached XP level 3. HP: 18/31 MP: 2/2
  1414 | D:2      | Found a faded altar of an unknown god.
  1452 | D:2      | Reached ** piety under Trog
  2018 | D:2      | Reached skill level 6 in Axes
  2018 | D:2      | Reached XP level 4. HP: 39/39 MP: 3/3
  2598 | D:3      | Noticed Sigmund
  2606 | D:3      | Killed Sigmund
  2607 | D:3      | Reached skill level 8 in Axes
  2607 | D:3      | Reached XP level 5. HP: 42/45 MP: 4/4
  2625 | D:3      | Noticed Grinder
  2635 | D:3      | Killed Grinder
  2636 | D:3      | Reached skill level 9 in Axes
  2636 | D:3      | Reached XP level 6. HP: 25/51 MP: 5/5
  2951 | D:3      | Found a hazy altar of Hepliaklqana.
  3156 | D:3      | Found Docser's Assorted Antiques.
  3245 | D:4      | Found a white marble altar of Elyvilon.
  3276 | D:4      | Reached XP level 7. HP: 48/57 MP: 6/6
  3373 | D:4      | Found an iron altar of Okawaru.
  3387 | D:4      | Reached *** piety under Trog
  3391 | D:4      | Found a glowing silver altar of Zin.
  3458 | D:4      | Reached skill level 10 in Axes
  4053 | D:4      | Reached skill level 11 in Axes
  4747 | D:5      | Entered Level 5 of the Dungeon
  4831 | D:5      | Reached XP level 8. HP: 33/64 MP: 7/7
  5222 | D:3      | Bought a smoking cloak for 209 gold pieces
  5222 | D:3      | Identified the +2 cloak "Laojasmo" {Fly rC- Str+4} (You
                  | bought it in a shop on level 3 of the Dungeon)
  5683 | D:5      | Reached skill level 12 in Axes
  6676 | D:5      | Found the +3 woodcutter's axe {vorpal}
  6686 | D:5      | HP: 5/64 [gnoll sergeant/+0 trident (7)]
  6687 | D:5      | Slain by a gnoll sergeant

Vanquished Creatures
  Grinder (D:3)
  Sigmund (D:3)
  A black bear (D:5)
  An ogre (D:4)
  A phantom (D:4)
  A scorpion (D:4)
  4 killer bees (D:5)
  3 hounds
  A gnoll bouda (D:4)
  An orc wizard (D:5)
  26 gnolls
  7 adders
  2 white imps (D:5)
  An ufetubus (D:4)
  4 worms
  2 dart slugs
  19 orcs
  7 bats
  4 endoplasms
  A giant cockroach (D:3)
  9 goblins
  6 hobgoblins
  4 jackals (D:2)
  2 quokkas
  8 ball pythons
  7 frilled lizards
  7 kobolds
  9 rats
140 creatures vanquished.

Vanquished Creatures (others)
  A fungus (D:1)
  A plant (D:3)
2 creatures vanquished.

Grand Total: 142 creatures vanquished
